cohdb
Replays
Latest Replays
All Replays
Popular Replays
Top Player Replays
Match Explorer
How It Works
Community
CoH3 Stats
Reddit
Sign in to upload your games and track your stats! →
Sign in with Steam
Match 41872203
Unlisted
Match 41872203
Overview
Messages
Build Orders
End
Scout Squad
Selects Special Operations Battlegroup
Selects M29 Weasel Recon Vehicle
M29 Weasel Recon Vehicle
Construct Barracks
Riflemen Squad
Engineer Squad
Riflemen Squad
Infantry Support Center
Construct Motor Pool
M1 Mortar Team
Selects Raiding Flares
Grenade Package
M8 Greyhound Armored Car
Construct Medical Station
Captain Retinue
M1 Anti-tank Gun Team
Selects SSF Commando Squad
Selects Mark Vehicle
Riflemen Squad
Construct Tank Depot
Selects Air Re-supply Operation
Air Re-Supply Operation
M4(105) Sherman Bulldozer
Survival Training
Advanced Logistics
Raiding Flares
Fitil
(502) Bad Gateway
0
0
Comments
sign in to comment!
No comments posted yet!